AoeStats
← 牛欢喜

Arabia

506856192Analyzed
1v1 RM · 16d ago on Sep 15, 2026· 34m 28s· 2 players
Game mode
Random Map
Map size
Tiny (2 player)
Population
200
Speed
Normal
Resources
Standard
Victory
Conquest
Starting age
Dark Age
Ending age
Imperial Age
RankedLock teamsTeams togetherTeam positionsShared explorationLock speedFull tech treeHidden civsTurbo modeCheats
Victory
Defeat
🇨🇳 Mongols · China
1255
+17
🇺🇸 Japanese · United States
1273
-17
牛欢喜
7:41 Loom
10:00 Feudal Age
14:57 Fletching
20:13 Castle Age
18:34 Double-Bit Axe
20:35 Bloodlines
21:15 Horse Collar
25:43 Scale Barding Armor
26:16 Wheelbarrow
31:05 Town Watch
32:08 Bodkin Arrow
32:28 Forging
33:15 Padded Archer Armor
33:19 Heavy Plow
33:31 Bow Saw
33:39 Hand Cart
FozzyLumbits
11:45 Feudal Age
11:31 Loom
14:32 Double-Bit Axe
15:46 Horse Collar
16:26 Fletching
23:02 Castle Age
21:53 Padded Archer Armor
22:29 Forging
22:17 Town Watch
23:10 Pikeman
23:52 Squires
26:08 Arson
27:03 Bow Saw
27:20 Gambesons
26:55 Man-at-Arms
32:54 Crossbowman
Connection lost

Rejoining the realm…

Still unreachable

The connection could not be restored.

Session expired

The server has moved on; the page needs a fresh start.